 Dungeon Crawl Stone Soup version 0.30-a0-586-g23e55c9e0a (webtiles) character file.

Game seed: 1657548314953803254

17 wormed the Sneak (level 2, 0/20 HPs)
             Began as a Gnoll Wanderer on Jan 4, 2023.
             Slain by a ball python (1 damage)
             ... on level 2 of the Dungeon.
             The game lasted 00:01:04 (1064 turns).

wormed the Sneak (Gnoll Wanderer)                   Turns: 1064, Time: 00:01:05

Health: 0/20       AC:  4    Str: 10    XL:     2   Next: 62%
Magic:  2/2        EV:  8    Int:  8    God:
Gold:   34         SH:  7    Dex: 15    Spells: 2/2 levels left

rFire   + . .      SeeInvis .    p - staff of fire
rCold   . . .      Faith    .    o - +0 kite shield
rNeg    . . .      Spirit   .    g - +0 leather armour
rPois   .          Reflect  .    (no helmet)
rElec   .          Harm     .    (no cloak)
rCorr   .          Rampage  .    e - +0 pair of gloves
Will    .....                    (no boots)
Stlth   ++++                     (no amulet)
HPRegen 0.23/turn                (no ring)
MPRegen 0.08/turn                (no ring)

@: constricted
A: fangs 1, strong nose, distributed training
a: no special abilities


You were on level 2 of the Dungeon.
You visited 1 branch of the dungeon, and saw 2 of its levels.

You collected 34 gold pieces.

Inventory:

Hand Weapons
 a - a +0 dagger
Missiles
 b - an atropa-tipped dart (quivered)
 c - 2 datura-tipped darts
Armour
 e - a +0 pair of gloves (worn)
 g - a +0 leather armour (worn)
 o - a +0 kite shield (worn)
Magical Staves
 p - a staff of fire (weapon)
Scrolls
 f - a scroll of teleportation
 h - 4 scrolls of identify {unknown}
 l - a scroll of enchant weapon {unknown}
Potions
 d - a potion of lignification
 i - a potion of berserk rage {unknown}
 j - a potion of might {unknown}
 k - 2 potions of ambrosia {unknown}
 m - a potion of curing {unknown}
 n - a potion of cancellation {unknown}


   Skills:
 + Level 0.5 Fighting
 + Level 0.5 Short Blades
 + Level 0.5 Long Blades
 + Level 0.5 Axes
 + Level 0.5 Maces & Flails
 + Level 0.5 Polearms
 + Level 0.5 Staves
 + Level 0.5 Ranged Weapons
 + Level 0.5 Throwing
 + Level 4.5 Armour
 + Level 4.5 Dodging
 + Level 7.7 Stealth
 + Level 0.5 Shields
 + Level 4.5 Unarmed Combat
 + Level 0.5 Spellcasting
 + Level 0.3 Conjurations
 + Level 0.3 Hexes
 + Level 0.3 Summonings
 + Level 0.3 Necromancy
 + Level 0.3 Translocations
 + Level 0.3 Transmutations
 + Level 0.3 Fire Magic
 + Level 0.3 Ice Magic
 + Level 0.3 Air Magic
 + Level 0.3 Earth Magic
 + Level 0.3 Poison Magic
 + Level 0.6 Invocations
 + Level 0.5 Evocations


You had 2 spell levels left.
You didn't know any spells.
Your spell library was empty.

Dungeon Overview and Level Annotations

Branches:
Dungeon (2/15)

Altars:


Innate Abilities, Weirdness & Mutations

You have very sharp teeth.
Your uncanny sense of smell can sniff out nearby items.
Your experience applies equally to all skills.


Message History

You are too injured to fight recklessly!
You are too injured to fight recklessly!
You are too injured to fight recklessly!
You are too injured to fight recklessly!
You are too injured to fight recklessly!
You are too injured to fight recklessly!
You are too injured to fight recklessly!
You are too injured to fight recklessly!
You are too injured to fight recklessly!
You are too injured to fight recklessly!
You are too injured to fight recklessly!
You are too injured to fight recklessly!
You are too injured to fight recklessly!
You are too injured to fight recklessly!
You are too injured to fight recklessly!
You are too injured to fight recklessly!
You are too injured to fight recklessly!
You are too injured to fight recklessly!
The ball python's grasp on you weakens, but your attempt to escape fails.
The jackal bites you but does no damage.
The ball python barely misses you. The ball python constricts you.
You hit the ball python.
The ball python is moderately wounded.
You block the jackal's attack.
The ball python bites you but does no damage.
The ball python constricts you. The jackal closely misses you.
You closely miss the ball python.
You bite the ball python, but do no damage.
The ball python is moderately wounded.
The jackal barely misses you. The ball python bites you.
* * * LOW HITPOINT WARNING * * *
The ball python constricts you. The jackal barely misses you.
You block the ball python's attack. The ball python constricts you.
* * * LOW HITPOINT WARNING * * *
You hit the ball python but do no damage.
The ball python is moderately wounded.
The jackal bites you.
* * * LOW HITPOINT WARNING * * *
The ball python bites you.
You die...

# #. #.# #.#
#.# ... #.#
#.# #.# #l#
##.##
##S###..^####
#.h@........#
#.#####...##.#
.........##
#######..#
#....<..#
#.####......#
#..##### #..#
#..#


You could see a jackal, a ball python and a frilled lizard.

Vanquished Creatures
  A dart slug (D:1)
  2 endoplasms (D:1)
  A giant cockroach (D:1)
  A hobgoblin (D:1)
  2 jackals (D:2)
  A quokka (D:1)
  A ball python (D:1)
  2 frilled lizards (D:1)
  4 rats (D:1)
15 creatures vanquished.

Notes
Turn   | Place    | Note
-------+----------+-------------------------------------------
     0 | D:1      | wormed the Gnoll Wanderer began the quest for the Orb.
     0 | D:1      | wormed set off with the following items: a +0 dagger, an
                  | atropa-tipped dart, 2 datura-tipped darts, a potion of
                  | lignification, a +0 pair of gloves, a scroll of
                  | teleportation, a +0 leather armour.
     0 | D:1      | Reached XP level 1. HP: 13/13 MP: 1/1
   206 | D:1      | Reached XP level 2. HP: 16/19 MP: 2/2
  1064 | D:2      | HP: 1/20 [jackal (3)]
  1064 | D:2      | Slain by a ball python

Illustrated notes

Levels and vault maps discovered:
D:1:      lightli_arrival_statuegarden, layout_loops_ring, minivault_14,
          minivault_19, kennysheep_minor_cross, chequers_serial_rivers_large_b,
          chequers_serial_rivers_micro_d, minmay_misc_feat_ornament
D:2:      layout_loops_ring, kennysheep_pointless_box

Action                   || total
-------------------------++-------
Melee: Dagger            ||    41
       Bite              ||     8
       Punch             ||     2
       Staff             ||    21
 Stab: Sleeping          ||     7
Armor: Leather armour    ||    26
Dodge: Dodged            ||    48
Block: Kite shield       ||    20

Table legend: (Time is in decaauts)
 A = Elapsed time spent in this place.
 B = Non-inter-level travel time spent in this place.
 C = Inter-level travel time spent in this place.
 D = Time resting spent in this place.
 E = Time spent auto-exploring this place.
 F = Levels seen in this place.
 G = Mean time per level.
                   A        B        C        D        E       F      G
               +--------+--------+--------+--------+--------+-----+--------+
         Total |   1097 |    962 |    135 |      0 |    818 |   2 |  548.5 |
       Dungeon |   1097 |    962 |    135 |      0 |    818 |   2 |  548.5 |
               +--------+--------+--------+--------+--------+-----+--------+

Top non-repeatable levels by time:
     D:1: 1060 daAuts
     D:2: 37 daAuts
